 Dungeon Crawl Stone Soup version 0.29-a0-340-g6efceafd81 (webtiles) character file.

Game seed: 13612154061743419954

7209 Oblizorion the Cleaver (level 11, -13/95 HPs)
             Began as a Hill Orc Fighter on Apr 19, 2022.
             Shot with an arrow by a centaur warrior (24 damage)
             ... on level 8 of the Dungeon.
             The game lasted 00:51:34 (10976 turns).

Oblizorion the Cleaver (Hill Orc Fighter)          Turns: 10976, Time: 00:51:35

Health: -13/95     AC: 20    Str: 22    XL:     11   Next: 11%
Magic:  11/11      EV:  9    Int:  8    God:
Gold:   285        SH:  6    Dex: 14    Spells: 10/10 levels left

rFire   + . .      SeeInvis +   a - +9 hand axe "Giantslayer" {vorpal, rN+ Str+2}
rCold   . . .      Faith    .   c - +0 buckler
rNeg    + . .      Spirit   .   T - +1 chain mail {rC+}
rPois   +          Reflect  .   M - +1 helmet {SInv}
rElec   .          Harm     .   m - +0 cloak
rCorr   .          Rampage  .   p - +2 pair of gloves
Will    .....                   (no boots)
Stlth   ..........              (no amulet)
HPRegen 0.25/turn               r - ring of fire
MPRegen 0.12/turn               D - ring of poison resistance

@: mighty
A: no striking features
a: no special abilities


You were on level 8 of the Dungeon.
You visited 2 branches of the dungeon, and saw 9 of its levels.
You also visited: Bailey.

You collected 390 gold pieces.
You spent 105 gold pieces at shops.

Inventory:

Hand Weapons
 a - the +9 hand axe "Giantslayer" (weapon) {vorpal, rN+ Str+2}
   (You found it on level 5 of the Dungeon)

   It inflicts extra damage upon your enemies.
   Str:       It affects your strength (+2).
   rN:        It protects you from negative energy.
 e - a +3 great sword
 n - a +3 whip of electrocution
 P - a +1 spear of flaming
 R - a +5 dagger
Missiles
 b - 17 poisoned darts
 C - 2 datura-tipped darts
 F - 3 boomerangs
Armour
 c - a +0 buckler (worn)
 i - an orb of wrath
 m - a +0 cloak (worn)
 p - a +2 pair of gloves (worn)
 B - a +2 helmet
 M - a +1 helmet of see invisible (worn)
 T - a +1 chain mail of cold resistance (worn)
Jewellery
 o - a ring of willpower
 r - a ring of fire (left hand)
 D - a ring of poison resistance (right hand)
Wands
 E - a wand of digging (9)
Scrolls
 f - 7 scrolls of teleportation
 g - 2 scrolls of amnesia
 j - 2 scrolls of summoning
 k - 4 scrolls of magic mapping
 l - 2 scrolls of fear
 u - a scroll of vulnerability {unknown}
 v - 2 scrolls of fog
 y - a scroll of blinking {unknown}
Potions
 d - 2 potions of might
 h - 2 potions of flight
 t - 2 potions of lignification {unknown}
 w - 2 potions of attraction {unknown}
 x - 2 potions of haste {unknown}
 z - a potion of brilliance {unknown}
 A - 3 potions of heal wounds {unknown}
 J - a potion of resistance {unknown}
 K - a potion of invisibility {unknown}
 L - a potion of magic {unknown}
 O - a potion of mutation {unknown}
Miscellaneous
 N - a phial of floods (inert) (quivered)


   Skills:
 + Level 8.4 Fighting
 + Level 12.1(12.3) Axes
 + Level 2.7(7.0) Maces & Flails
 + Level 4.1 Throwing
 + Level 10.1 Armour
 + Level 2.6 Dodging
 + Level 1.0 Stealth
 + Level 7.3 Shields
 + Level 1.2 Evocations


You had 10 spell levels left.
You didn't know any spells.
Your spell library contained the following spells:

 Spells                   Type           Power      Damage    Failure   Level
 Summon Small Mammal      Summ           0%         N/A       97%         1
 Static Discharge         Conj/Air       0%         N/A       99%         2
 Call Canine Familiar     Summ           0%         N/A       100%        3
 Dazzling Flash           Conj/Hex       0%         N/A       100%        3
 Gell's Gravitas          Tloc           0%         N/A       100%        3
 Summon Guardian Golem    Hex/Summ       0%         N/A       100%        3
 Teleport Other           Tloc           0%         N/A       100%        3
 Dispel Undead            Necr           0%         3d6       100%        4
 Sticky Flame             Conj/Fire      0%         2d3       100%        4
 Agony                    Necr           0%         N/A       100%        5
 Silence                  Hex/Air        0%         N/A       100%        5
 Dispersal                Tloc           0%         N/A       100%        6


Dungeon Overview and Level Annotations

Branches:
Dungeon (8/15)             Temple (1/1) D:5            Lair (0/6) D:8
 Bailey (visited)

Altars:
Ashenzari
Cheibriados
Elyvilon
Fedhas
Gozag
Hepliaklqana
Kikubaaqudgha
Makhleb
Nemelex Xobeh
Okawaru
Qazlal
Ru
Sif Muna
Trog
Uskayaw
Vehumet
Wu Jian
Xom
Zin
The Shining One

Shops:
D:4 =   D:6 *   D:8 *

Annotations:
D:7 2 transporters


Message History

The centaur warrior closely misses you.
The centaur warrior kicks you but does no damage.
The centaur warrior hits you with a +3 spear of flaming.
You block the centaur warrior's attack.
You barely miss the centaur warrior.
The centaur warrior is moderately wounded.
The centaur warrior hits you with a +3 spear of flaming!
The centaur warrior burns you.
The centaur warrior kicks you but does no damage.
You slash the centaur warrior!
The centaur warrior is heavily wounded.
The centaur warrior hits you with a +3 spear of flaming!
* * * LOW HITPOINT WARNING * * *
The centaur warrior burns you.
* * * LOW HITPOINT WARNING * * *
The centaur warrior kicks you but does no damage.
Aim the phial where?
Press: ? - help, Q - select action, (/) - cycle Shift-Dir - straight line, f - centaur warrior
Aim: a centaur warrior, wielding a +3 spear of flaming and wearing the +8 fire dragon scales of the Elven Halls {rPois rF++ rC- rN+} (heavily wounded)
The torrent of water hits the centaur warrior!
The centaur warrior is heavily wounded.
The wave splashes down.
Splash!
You fall into the shallow water.
Moving in this stuff is going to be slow.
The centaur warrior is engulfed in water.
The centaur warrior hits you with a +3 spear of flaming.
* * * LOW HITPOINT WARNING * * *
The centaur warrior kicks you but does no damage.
The centaur warrior hits you with a +3 spear of flaming.
* * * LOW HITPOINT WARNING * * *
The centaur warrior burns you.
* * * LOW HITPOINT WARNING * * *
The centaur warrior completely misses you.
A centaur warrior is nearby!
The centaur warrior unwields a +3 spear of flaming.
It stops flaming.
The centaur warrior wields a +0 shortbow.
The centaur warrior shoots an arrow.
The arrow hits you!!
You die...

....#....##### ....#........##
....##..####..###################
....##..###..............[......#
....+....##.###################.#
....#.......#[#.#.#..#..#.....#.#
....##..##..##.#.##)###.#.....#.#
....######..#.#.#.)..)..'....)))#
.....# #..#≈.≈@.#.###.#.....#[#
.....# ##.#≈≈≈≈.#..#..#.....#.#
.....# #.###c###############)#
.....# #.#.##..#..... ##...#..
.....# #.#.##..#.°:[.##.o#.#..
.....# #.#.....#.).[.†..#..#..
.....# #.#..##.# #.#..##.. ....##
#.#..##c# #.)9###.. ....##
#.###)###########)###..


You could see a centaur warrior (waterlogged).

Vanquished Creatures
  A hydra (D:8)
  A centaur warrior (D:8)
  Pikel (D:7)
  A deep elf pyromancer (D:8)
  A gargoyle (Bailey)
  An unseen horror (D:8)
  A basilisk (D:8)
  A yak (D:8)
  A vampire (Bailey)
  3 wyverns (D:8)
  A vampire mosquito (D:8)
  An acid dragon (D:8)
  3 sky beasts
  3 orc warriors (D:8)
  2 black bears
  The ghost of Antichthon the Chopper, an amateur NaWr (D:4)
  An ice beast (D:7)
  3 ogres
  A centaur (D:4)
  3 lemures (D:7)
  A kobold brigand (D:7)
  3 bullfrogs
  A necrophage (D:4)
  5 scorpions
  A gnoll sergeant (D:8)
  6 wights
  9 vampire bats (Bailey)
  6 wolf zombies (Bailey)
  7 hounds
  A jelly (D:6)
  4 orc priests
  Crazy Yiuf (D:5)
  A gnoll shaman (D:8)
  3 orc wizards (D:8)
  6 adders
  3 white imps
  An ufetubus (D:5)
  A worm (D:4)
  A dart slug (D:4)
  22 orcs
  10 ball pythons
  9 bats
  10 endoplasms
  2 giant cockroaches
  17 goblins
  9 hobgoblins
  2 jackals (D:1)
  4 quokkas
  6 frilled lizards
  15 kobolds
  18 orc zombies (Bailey)
  5 rats
221 creatures vanquished.

Vanquished Creatures (collateral kills)
  Menkaure (D:4)
  An adder (D:4)
  An orc (D:4)
  A kobold (D:4)
4 creatures vanquished.

Grand Total: 225 creatures vanquished

Notes
Turn   | Place    | Note
-------+----------+-------------------------------------------
     0 | D:1      | Oblizorion the Hill Orc Fighter began the quest for the
                  | Orb.
     0 | D:1      | Reached XP level 1. HP: 19/19 MP: 1/1
   264 | D:1      | Reached XP level 2. HP: 15/27 MP: 2/2
   916 | D:1      | Reached skill level 3 in Axes
  1010 | D:1      | Reached XP level 3. HP: 30/33 MP: 3/3
  1504 | D:2      | Found a blossoming altar of Fedhas.
  2152 | D:2      | Found a faded altar of an unknown god.
  2303 | D:2      | Reached XP level 4. HP: 38/41 MP: 4/4
  2709 | D:3      | Reached skill level 4 in Axes
  3018 | D:3      | Found a bloodstained altar of Trog.
  3113 | D:3      | Reached XP level 5. HP: 40/47 MP: 5/5
  3566 | D:4      | Noticed a centaur
  3759 | D:4      | Reached skill level 1 in Dodging
  3759 | D:4      | Killed a centaur
  3760 | D:4      | Reached skill level 5 in Axes
  3760 | D:4      | Reached XP level 6. HP: 31/53 MP: 6/6
  3906 | D:4      | Noticed Menkaure
  4133 | D:4      | Killed Menkaure
  4134 | D:4      | Reached skill level 1 in Maces & Flails
  4134 | D:4      | Reached skill level 5 in Armour
  4257 | D:4      | Found a radiant altar of Vehumet.
  4290 | D:4      | Reached XP level 7. HP: 55/60 MP: 7/7
  4375 | D:4      | Found a runed translucent door.
  4380 | D:4      | Noticed Antichthon's ghost (amateur NaWr)
  4424 | D:4      | Killed Antichthon's ghost
  4425 | D:4      | Reached skill level 5 in Fighting
  4754 | D:4      | Found Waonk's One-of-a-Kind Rings.
  4859 | D:5      | Entered Level 5 of the Dungeon
  4894 | D:5      | Found a stormy altar of Qazlal.
  4938 | D:5      | Identified the +9 hand axe "Giantslayer" {vorpal, rN+
                  | Str+2}
  4944 | D:5      | Reached skill level 1 in Throwing
  4952 | D:5      | Reached XP level 8. HP: 47/68 MP: 8/8
  5403 | D:5      | Found a runed translucent door.
  5404 | D:5      | Noticed Crazy Yiuf
  5414 | D:5      | Killed Crazy Yiuf
  5598 | D:5      | Reached skill level 6 in Axes
  5922 | D:5      | Found a staircase to the Ecumenical Temple.
  5930 | Temple   | Entered the Ecumenical Temple
  6164 | D:6      | Found Laewn's Assorted Antiques.
  6189 | D:6      | Bought a shiny golden ring for 105 gold pieces
  6605 | D:6      | Reached skill level 7 in Axes
  6614 | D:6      | Reached skill level 5 in Shields
  6850 | D:6      | Reached XP level 9. HP: 73/75 MP: 9/9
  7253 | D:7      | Reached skill level 8 in Axes
  7259 | D:7      | Found an ancient bone altar of Kikubaaqudgha.
  7365 | D:7      | Found a snail-covered altar of Cheibriados.
  7375 | D:7      | Found a transporter.
  7382 | D:7      | Found a transporter.
  7737 | D:7      | Noticed Pikel
  7748 | D:7      | Killed Pikel
  7749 | D:7      | Reached skill level 9 in Axes
  7749 | D:7      | Found a sparkling altar of Nemelex Xobeh.
  8276 | D:8      | Reached skill level 10 in Axes
  8321 | D:8      | Found Quenno's General Store.
  8484 | D:8      | Found a flagged portal.
  8509 | Bailey   | Entered a bailey
  8874 | Bailey   | Reached XP level 10. HP: 84/84 MP: 10/10
  8883 | Bailey   | Reached skill level 1 in Stealth
  8985 | Bailey   | Noticed a gargoyle
  9010 | Bailey   | Killed a gargoyle
  9011 | Bailey   | Reached skill level 11 in Axes
  9228 | Bailey   | Found the +3 crown of Dyrovepreva {rElec Int+2 SInv}
  9505 | D:8      | Found a staircase to the Lair.
 10439 | D:8      | Noticed a centaur warrior
 10439 | D:8      | Noticed an unseen horror
 10439 | D:8      | Noticed a gargoyle
 10439 | D:8      | Noticed a deep elf pyromancer
 10439 | D:8      | Noticed a four-headed hydra
 10441 | D:8      | Identified the +8 fire dragon scales of the Elven Halls
                  | {rPois rF++ rC- rN+}
 10441 | D:8      | Noticed a centaur warrior
 10442 | D:8      | Killed an unseen horror
 10461 | D:8      | Killed a seven-headed hydra
 10466 | D:8      | Killed a centaur warrior
 10467 | D:8      | Reached skill level 12 in Axes
 10467 | D:8      | Reached skill level 10 in Armour
 10467 | D:8      | Reached skill level 1 in Evocations
 10467 | D:8      | Reached XP level 11. HP: 56/95 MP: 11/11
 10480 | D:8      | Killed a deep elf pyromancer
 10976 | D:8      | Shot with an arrow by a centaur warrior

Illustrated notes

Levels and vault maps discovered:
D:1:      dpeg_arrival_brainrot, layout_basic,
          amcnicky_mini_rare_corridor_liquid, st_stairs_2
D:2:      layout_basic, basic_altar, shapermc_ecumenical_altar_mp_highgroup
D:3:      layout_loops_ring, mainiacjoe_overflow_catwalk
D:4:      layout_cave_pools, fiery_altar_vehumet, ebering_ghost_reflecting_pool,
          cheibrodos_sewer_entry_bend, kennysheep_path_1,
          nicolae_shop_unique_rings, uniq_menkaure
D:5:      layout_cave_pools, mainiacjoe_overflow_alcove_4,
          minmay_temple_entry_fiery, uniq_crazy_yiuf_cottage
D:6:      layout_loops_cross, serial_shops, nicolae_shop_waterfront
D:7:      layout_gridville, mainiacjoe_overflow_surrounded_room,
          gammafunk_temple_overflow_arena, uniq_pikel
D:8:      minmay_the_grid_square_5x5_3x3 [minmay_the_grid_square_5x5_dogpile,
          minmay_the_grid_square_5x5_bracketed,
          minmay_the_grid_square_5x5_half_checkered,
          minmay_the_grid_square_5x5_hollow_slash,
          minmay_the_grid_square_5x5_megaprize_open,
          minmay_the_grid_square_5x5_intrusive_squares,
          minmay_the_grid_square_5x5_spiral_small,
          minmay_the_grid_square_5x5_inner_v,
          minmay_the_grid_square_5x5_bridge], layout_gridville,
          lair_entry_dummy, enter_bailey_3, serial_shops,
          nicolae_shop_statue_plus, abandoned_shop
Temple:   nicolae_temple_great_sept

Skill      XL: |  1  2  3  4  5  6  7  8  9 10 |
---------------+-------------------------------+-----
Fighting       | 4 5 6 8 |  8.4
Axes           | 3 4 5 7 10 12 | 12.1
Armour         | 4 5 6 7 8 10 | 10.1
Dodging        | 1 2 |  2.6
Maces & Flails | 1 2 |  2.7
Shields        | 4 5 7 |  7.3
Throwing       | 1 2 3 4 |  4.1
Stealth        | 1 |  1.0
Evocations     | 1 |  1.2

Action                   |  1- 3 |  4- 6 |  7- 9 | 10-12 || total
-------------------------+-------+-------+-------+-------++-------
Melee: War axe           |   122 |    63 |       |       ||   185
       Whip              |       |    63 |    50 |       ||   113
       Hand axe          |       |       |   220 |   148 ||   368
Throw: Dart              |       |     7 |    24 |     2 ||    33
       Boomerang         |       |       |    11 |    13 ||    24
       Throwing net      |       |       |     1 |       ||     1
Evoke: Wand              |       |       |       |     9 ||     9
       Phial of floods   |       |       |       |     1 ||     1
  Use: Scroll            |     4 |     3 |    10 |     3 ||    20
       Potion            |       |     1 |       |     7 ||     8
Armor: Scale mail        |    80 |    29 |       |       ||   109
       Chain mail        |       |    60 |   102 |    49 ||   211
       Plate armour      |       |       |    24 |    55 ||    79
Dodge: Dodged            |    48 |    58 |    66 |    59 ||   231
Block: Buckler           |    35 |    35 |    60 |    52 ||   182

Table legend: (Time is in decaauts)
 A = Elapsed time spent in this place.
 B = Non-inter-level travel time spent in this place.
 C = Inter-level travel time spent in this place.
 D = Time resting spent in this place.
 E = Time spent auto-exploring this place.
 F = Levels seen in this place.
 G = Mean time per level.
                   A        B        C        D        E       F      G
               +--------+--------+--------+--------+--------+-----+--------+
         Total |  11009 |  10615 |    394 |   3754 |   4230 |  10 | 1100.9 |
       Dungeon |  10115 |   9739 |    376 |   3328 |   4070 |   8 | 1264.4 |
        Temple |     70 |     52 |     18 |      0 |     42 |   1 |   70.0 |
        Bailey |    824 |    824 |      0 |    426 |    118 |   1 |  824.0 |
               +--------+--------+--------+--------+--------+-----+--------+

Top non-repeatable levels by time:
     D:8: 2135 daAuts
     D:1: 1537 daAuts
     D:3: 1290 daAuts
     D:5: 1202 daAuts
     D:2: 1189 daAuts
     D:6: 1053 daAuts
     D:4: 927 daAuts
  Bailey: 824 daAuts
     D:7: 779 daAuts
  Temple: 70 daAuts
